 Dungeon Crawl Stone Soup version 0.31-a0-844-gdc52ec4e09 (webtiles) character file.

Game seed: 3037096472686145680

358 Kurtz the Chopper (level 6, 0/42 HPs)
             Began as an Octopode Fighter on Oct 1, 2023.
             Succumbed to a scorpion's poison
             ... on level 5 of the Dungeon.
             The game lasted 00:02:14 (2250 turns).

Kurtz the Chopper (Octopode Fighter)                Turns: 2250, Time: 00:02:15

Health: 0/42       AC:  1    Str: 15    XL:     6   Next: 64%
Magic:  6/6        EV: 13    Int: 11    God:
Gold:   199        SH:  4    Dex: 13    Spells: 5/5 levels left

rFire   . . .        m - +2 whip (freeze)
rCold   . . .        b - +0 buckler
rNeg    . . .        (helmet restricted)
rPois   .            (no amulet)
rElec   .            (no ring)
rCorr   .            (no ring)
SInv    .            (no ring)
Will    .....        (no ring)
Stlth   ++           (no ring)
HPRegen 0.27/turn    (no ring)
MPRegen 0.10/turn    (no ring)
                     (no ring)

%: no passive effects
@: lethally poisoned (0 -> -12)
A: almost no armour, amphibious, 8 rings, camouflage 1, gelatinous body 1,
(nimble swimmer 1), tentacles
a: no special abilities


You were on level 5 of the Dungeon.
You visited 1 branch of the dungeon, and saw 5 of its levels.

You collected 199 gold pieces.

Inventory:

Hand Weapons
 a - a +0 war axe
 d - a +0 whip of venom
 m - a +2 whip of freezing (weapon)
Armour
 b - a +0 buckler (worn)
Jewellery
 r - an amulet of magic regeneration
Scrolls
 e - 2 scrolls of identify {unknown}
 f - a scroll of enchant weapon {unknown}
 i - 2 scrolls of poison {unknown}
 j - a scroll of teleportation {unknown}
 l - 2 scrolls of vulnerability {unknown}
 n - 2 scrolls of blinking {unknown}
 o - 2 scrolls of enchant armour {unknown}
 q - a scroll of fog {unknown}
Potions
 c - a potion of might
 g - 2 potions of curing
 h - a potion of degeneration {unknown}
 k - a potion of cancellation {unknown}
 p - 2 potions of ambrosia {unknown}


   Skills:
 - Level 3.0 Fighting
 * Level 6.9 Axes
 - Level 3.0 Dodging
 - Level 3.0 Shields


You had 5 spell levels left.
You didn't know any spells.
Your spell library contained the following spells:

 Spells                   Type           Power      Damage    Failure   Level
 Inner Flame              Hex/Fire       0%         N/A       80%         3
 Flame Wave               Conj/Fire      0%         2d4       99%         4
 Sticky Flame             Conj/Fire      0%         2d3       99%         4


Dungeon Overview and Level Annotations

Branches:
Dungeon (5/15)
 Temple: D:4-7

Altars:

Annotations:
D:4 Sigmund


Innate Abilities, Weirdness & Mutations

You cannot wear most types of armour.
You are amphibious.
You can wear up to eight rings at the same time.
Your skin changes colour to match your surroundings (Stealth+).
Your rubbery body absorbs attacks. (AC +1, EV +1)
((You are camouflaged when in or above water. (Stealth+)))
You have tentacles for arms and can constrict up to eight enemies at once.


Message History

* * * LOW HITPOINT WARNING * * *
You hit the scorpion but do no damage. You squeeze the scorpion.
The scorpion is lightly wounded.
You constrict the scorpion. The scorpion closely misses you.
The orc barely misses you.
Unknown command.
You barely miss the scorpion. You squeeze the scorpion.
The scorpion is heavily wounded.
You constrict the scorpion. The scorpion stings you.
* * * LOW HITPOINT WARNING * * *
You are lethally poisoned!
The scorpion poisons you! The scorpion stings you!
* * * LOW HITPOINT WARNING * * *
You are more poisoned.
The scorpion poisons you!
You feel better.
You constrict the scorpion, but do no damage.
The scorpion stings you.
* * * LOW HITPOINT WARNING * * *
You block the orc's attack.
Unknown command.
You release your grip on the scorpion.
The gnoll attacks as it pursues you! The gnoll barely misses you.
The scorpion closely misses you. You block the orc's attack.
The gnoll attacks as it pursues you! You block the gnoll's attack.
The scorpion attacks as it pursues you! The scorpion stings you.
* * * LOW HITPOINT WARNING * * *
You are lethally poisoned!
The scorpion poisons you!
* * * LOW HITPOINT WARNING * * *
You feel very sick. The scorpion barely misses you.
* * * LOW HITPOINT WARNING * * *
You feel sick.
* * * LOW HITPOINT WARNING * * *
You feel sick. The scorpion attacks as it pursues you! The scorpion stings you.
* * * LOW HITPOINT WARNING * * *
You are more poisoned.
The scorpion poisons you!
You die...

#..## #.##........##.# #.##g##
##..#####.##.######.##.# #.##hg.
##..#..##....######h##.# #..$sg#
##..#..##.....<....g##.## ###....
##..##.##...)###.#og#o..#####....
##............#. ##.#............
##............# ##o......>.....
##........#...###....######.#..
###......##.#@#s##### #. ..
#......# .##.## ..#
#........###........ ..#
#........# ######### ..
#>###.#### .. ..# .# .# ## # <#
.#


There were no monsters in sight!

Vanquished Creatures
  A phantom (D:5)
  A scorpion (D:5)
  An iguana (D:5)
  2 orc wizards
  6 adders
  2 worms
  6 dart slugs
  11 orcs
  3 ball pythons
  10 endoplasms
  4 giant cockroaches
  4 goblins
  4 hobgoblins
  2 jackals (D:2)
  6 kobolds
  3 quokkas
  5 bats
  A frilled lizard (D:1)
  3 rats (D:1)
75 creatures vanquished.

Notes
Turn   | Place    | Note
-------+----------+-------------------------------------------
     0 | D:1      | Kurtz the Octopode Fighter began the quest for the Orb.
     0 | D:1      | Reached XP level 1. HP: 16/16 MP: 1/1
    76 | D:1      | Found a faded altar of an unknown god.
   134 | D:1      | Reached XP level 2. HP: 12/21 MP: 2/2
   318 | D:1      | Reached skill level 3 in Axes
   675 | D:2      | Reached XP level 3. HP: 17/26 MP: 3/3
   981 | D:2      | Reached skill level 4 in Axes
  1069 | D:2      | Reached XP level 4. HP: 27/31 MP: 4/4
  1553 | D:3      | Reached skill level 5 in Axes
  1553 | D:3      | Reached XP level 5. HP: 34/36 MP: 5/5
  1862 | D:4      | Noticed Sigmund
  1878 | D:5      | Entered Level 5 of the Dungeon
  2078 | D:5      | Reached skill level 6 in Axes
  2078 | D:5      | Reached XP level 6. HP: 42/42 MP: 6/6
  2215 | D:5      | Noticed a black bear
  2249 | D:5      | HP: 2/42 [scorpion (2)]
  2250 | D:5      | Succumbed to a scorpion's poison

Illustrated notes

Levels and vault maps discovered:
D:1:      minmay_arrival_stair_chambers, layout_rooms,
          ebering_ecumenical_altar_abandoned, hangedman_decor_growths
D:2:      layout_basic, moated_statue
D:3:      layout_rooms
D:4:      layout_cave_pools, uniq_sigmund
D:5:      layout_loops_ring, hangedman_glass_teeth,
          minmay_misc_feat_more_columns

Skill      XL: |  1  2  3  4  5 |
---------------+----------------+-----
Axes           | 3 4 5 6 |  6.9
Fighting       | |  3.0
Dodging        | |  3.0
Shields        | |  3.0

Action                     |  1- 3 |  4- 6 || total
---------------------------+-------+-------++-------
  Melee: War axe           |    17 |       ||    17
         Constrict         |    17 |    28 ||    45
         Tentacles         |    15 |    21 ||    36
         Whip              |    45 |    99 ||   144
         Punch             |     2 |     1 ||     3
    Use: Potion            |     2 |     2 ||     4
   Stab: Sleeping          |     3 |     6 ||     9
 Armour: Skin              |    28 |    35 ||    63
  Dodge: Dodged            |    24 |    56 ||    80
  Block: Buckler           |    18 |    16 ||    34

Table legend: (Time is in decaauts)
 A = Elapsed time spent in this place.
 B = Non-inter-level travel time spent in this place.
 C = Inter-level travel time spent in this place.
 D = Time resting spent in this place.
 E = Time spent auto-exploring this place.
 F = Levels seen in this place.
 G = Mean time per level.
                   A        B        C        D        E       F      G
               +--------+--------+--------+--------+--------+-----+--------+
         Total |   2236 |   2194 |     42 |    125 |   1599 |   5 |  447.2 |
       Dungeon |   2236 |   2194 |     42 |    125 |   1599 |   5 |  447.2 |
               +--------+--------+--------+--------+--------+-----+--------+

Top non-repeatable levels by time:
     D:2: 628 daAuts
     D:1: 592 daAuts
     D:3: 538 daAuts
     D:5: 370 daAuts
     D:4: 106 daAuts
